 Dungeon Crawl Stone Soup version 0.28-a0-906-g0406aca7d3 (webtiles) character file.

Game seed: 18351247790641640368

188 vurker the Gusty (level 5, -1/34 HPs)
             Began as an Octopode Air Elementalist on Nov 23, 2021.
             Slain by a worm (12 damage)
             ... on level 3 of the Dungeon.
             The game lasted 00:02:57 (4295 turns).

vurker the Gusty (Octopode Air Elementalist)        Turns: 4295, Time: 00:02:57

Health: -1/34      AC:  1    Str:  7    XL:     5   Next: 67%
Magic:  6/10       EV: 13    Int: 19    God:
Gold:   114        SH:  0    Dex: 12    Spells: 9/10 levels left

rFire   . . .      SeeInvis .   a - +1 dagger
rCold   + . .      Faith    .   (no shield)
rNeg    . . .      Spirit   .   (helmet restricted)
rPois   .          Reflect  .   (no amulet)
rElec   .          Harm     .   l - ring of protection from cold
rCorr   .          Rampage  .   o - +4 ring of slaying
Will    .....                   (no ring)
Stlth   +++.......              (no ring)
HPRegen 0.11/turn               (no ring)
MPRegen 0.12/turn               (no ring)
                                (no ring)
                                (no ring)

@: no status effects
A: almost no armour, amphibious, 8 rings, camouflage 1, gelatinous body 1,
(nimble swimmer 1), tentacles
a: no special abilities


You were on level 3 of the Dungeon.
You visited 1 branch of the dungeon, and saw 4 of its levels.

You collected 114 gold pieces.

Inventory:

Hand Weapons
 a - a +1 dagger (weapon)
   (You took it off a goblin on level 1 of the Dungeon)
Jewellery
 l - a ring of protection from cold (left tentacle)
   (You found it on level 2 of the Dungeon)
 n - a ring of ice
   (You found it on level 2 of the Dungeon)
 o - a +4 ring of slaying (right tentacle)
   (You found it on level 3 of the Dungeon)
Wands
 x - a wand of acid (8)
   (You found it on level 3 of the Dungeon)
Scrolls
 f - 3 scrolls of identify
Potions
 d - a potion of resistance {unknown}
 e - a potion of curing {unknown}
 g - 2 potions of haste
 h - a potion of brilliance
 i - 2 potions of invisibility {unknown}
 j - 2 potions of flight {unknown}


   Skills:
 + Level 1.9 Fighting
 - Level 2.0 Dodging
 - Level 2.6 Stealth
 * Level 3.4 Spellcasting
 + Level 2.1 Conjurations
 * Level 4.3 Air Magic


You had 9 spell levels left.
You knew the following spells:

 Your Spells              Type           Power      Damage    Failure   Level
a - Shock                 Conj/Air       60%        1d6       3%          1

Your spell library contained the following spells:

 Spells                   Type           Power      Damage    Failure   Level
 Static Discharge         Conj/Air       15%        N/A       6%          2
 Swiftness                Air            19%        N/A       8%          3
 Animate Skeleton         Necr           6%         N/A       14%         1
 Apportation              Tloc           6%         N/A       14%         1
 Summon Small Mammal      Summ           12%        N/A       14%         1
 Airstrike                Air            9%         N/A       24%         4


Dungeon Overview and Level Annotations

Branches:
Dungeon (4/15)
 Temple: D:4-7

Altars:


Innate Abilities, Weirdness & Mutations

You cannot wear most types of armour.
You are amphibious.
You can wear up to eight rings at the same time.
Your skin changes colour to match your surroundings (Stealth+).
Your rubbery body absorbs attacks. (AC +1, EV +1)
((You are camouflaged near water. (Stealth+)))
You have tentacles for arms and can constrict up to eight enemies at once.


Message History

Aim: an adder (almost dead, 53% to hit)
The zap hits the adder.
You kill the adder!
You can't see any susceptible monsters within range! (Use Z to cast anyway.) Unknown command.
You start resting.
You start resting.
You climb downwards.
You hear the sound of rushing water.
There is an entrance to a sewer on this level.
Hurry and find it before the portal rusts away!
You hear the quick rusting of a drain.
The river rat bites you. The river rat misses you.
The river rat barely misses you. The river rat bites you.
There is a stone staircase leading up here.
Aim: a river rat (68% to hit)
The zap misses the river rat.
The river rat barely misses you. x2
Aim: a river rat (68% to hit)
The zap hits the river rat.
The worm misses you. The river rat bites you. The river rat barely misses you.
The river rat bites you. The river rat misses you. The worm barely misses you.
You climb upwards.
There is a stone staircase leading down here.
You hit the river rat. You grab the river rat. You constrict the river rat.
The river rat bites you.
* * * LOW HITPOINT WARNING * * *
The river rat barely misses you.
Aim: a river rat (moderately wounded, 68% to hit)
The zap hits the river rat.
You constrict the river rat, but do no damage.
The river rat twitches its whiskers.
The river rat bites you.
* * * LOW HITPOINT WARNING * * *
The river rat barely misses you. The worm closely misses you.
Aim: a river rat (severely wounded, 68% to hit)
The zap hits the river rat but does no damage.
You constrict the river rat.
The river rat bites you but does no damage.
The river rat completely misses you.
Unknown command.
Aim: a river rat (severely wounded, 68% to hit)
The zap hits the river rat but does no damage.
You constrict the river rat. The worm bites you.
* * * LOW HITPOINT WARNING * * *
The river rat barely misses you. x2
You hit the river rat but do no damage.
You constrict the river rat, but do no damage.
The river rat misses you. The river rat bites you.
* * * LOW HITPOINT WARNING * * *
The worm bites you!
You die...

......##.### #.#####
......##.### #.#...#
......##.#.#####.#.#.#
......##.#.......#.#.#
.###.###.#.#.....#.#.#
####.# #.#.#.###.#.#.#
.....# #.#.#...#.#.#.#
###..###.#.###.#r#.#.#
...............r@#.#.#
###......#.#...#w#.#.#
###..####.#...#.#.#.#
#.........#...#.#.#.#
##'##..#####...#.#.#.#
...................#.#
....##.######.##.###.#
....'................#
....##..#####.##.#####


You could see a worm and 2 river rats.

Vanquished Creatures
  Jessica (D:2)
  Natasha (D:3)
  Robin (D:2)
  4 adders
  2 worms
  2 dart slugs
  5 endoplasms
  5 giant cockroaches
  12 goblins
  10 hobgoblins
  7 kobolds
  6 quokkas
  6 ball pythons
  7 bats
  4 frilled lizards
  4 rats
77 creatures vanquished.

Notes
Turn   | Place    | Note
-------+----------+-------------------------------------------
     0 | D:1      | vurker the Octopode Air Elementalist began the quest for
                  | the Orb.
     0 | D:1      | Reached XP level 1. HP: 11/11 MP: 3/3
   221 | D:1      | Found a faded altar of an unknown god.
   284 | D:1      | Reached XP level 2. HP: 17/17 MP: 0/5
   690 | D:1      | Reached XP level 3. HP: 22/22 MP: 3/6
   982 | D:1      | Reached skill level 1 in Fighting
  1536 | D:2      | Noticed Jessica
  1540 | D:2      | Killed Jessica
  1541 | D:2      | Reached XP level 4. HP: 28/28 MP: 3/8
  1722 | D:2      | Noticed Robin
  1727 | D:2      | Killed Robin
  2021 | D:2      | Reached skill level 4 in Air Magic
  2543 | D:2      | Reached XP level 5. HP: 33/33 MP: 7/9
  3894 | D:4      | Noticed Natasha
  3905 | D:3      | Killed Natasha
  4295 | D:3      | Slain by a worm

Illustrated notes

Levels and vault maps discovered:
D:1:      dpeg_arrival_arbitrary_a, layout_loops_ring,
          ebering_ecumenical_altar_mist, minmay_tall_x
D:2:      layout_basic, uniq_robin, uniq_jessica
D:3:      layout_basic, chequers_decorated_corner
D:4:      kennysheep_six_static_rooms, layout_rooms, lightli_sewer_entry_pipes,
          uniq_natasha, uniq_blork_the_orc

Skill      XL: |  1  2  3  4 |
---------------+-------------+-----
Fighting       | 1 |  1.9
Spellcasting   | 3 |  3.4
Air Magic      | 4 |  4.3
Conjurations   | 2 |  2.1
Dodging        | |  2.0
Stealth        | |  2.6

Action                   |  1- 3 |  4- 6 || total
-------------------------+-------+-------++-------
Melee: Unarmed           |     2 |       ||     2
       Dagger            |     7 |     9 ||    16
       Tentacles         |     2 |     2 ||     4
       Constrict         |     1 |     4 ||     5
 Cast: Shock             |    58 |   107 ||   165
  Use: Scroll            |       |     5 ||     5
Armor: Skin              |     1 |     2 ||     3
Dodge: Dodged            |     4 |    36 ||    40

Table legend: (Time is in decaauts)
 A = Elapsed time spent in this place.
 B = Non-inter-level travel time spent in this place.
 C = Inter-level travel time spent in this place.
 D = Time resting spent in this place.
 E = Time spent auto-exploring this place.
 F = Levels seen in this place.
 G = Mean time per level.
                   A        B        C        D        E       F      G
               +--------+--------+--------+--------+--------+-----+--------+
         Total |   4296 |   4199 |     97 |    365 |   3453 |   4 | 1074.0 |
       Dungeon |   4296 |   4199 |     97 |    365 |   3453 |   4 | 1074.0 |
               +--------+--------+--------+--------+--------+-----+--------+

Top non-repeatable levels by time:
     D:3: 1706 daAuts
     D:1: 1494 daAuts
     D:2: 1077 daAuts
     D:4: 18 daAuts
